 Dungeon Crawl Stone Soup version 0.29-a0-371-g91724d5b39 (webtiles) character file.

Game seed: 7053061239363676545

613 Gloober the Ogre Mage (level 7, 0/62 HPs)
             Began as an Ogre Air Elementalist on May 3, 2022.
             Was a Priest of Kikubaaqudgha.
             Slain by a jelly (1 damage)
             ... on level 5 of the Dungeon.
             The game lasted 00:50:26 (4811 turns).

Gloober the Ogre Mage (Ogre Air Elementalist)       Turns: 4811, Time: 00:50:27

Health: 0/62       AC: -10   Str: 12 (13) XL:     7   Next: 44%
Magic:  18/24      EV: 10    Int: 16 (18) God:    Kikubaaqudgha [***...]
Gold:   217        SH:  0    Dex:  8 (9)  Spells: 1/16 levels left

rFire   . . .      SeeInvis .   e - +2 dagger (venom)
rCold   . . .      Faith    .   (no shield)
rNeg    . . .      Spirit   .   a - +0 robe
rPois   +          Reflect  .   y - +2 hat
rElec   .          Harm     .   j - +0 cloak
rCorr   .          Rampage  .   (gloves unavailable)
Will    .....                   (boots unavailable)
Stlth   ++........              (no amulet)
HPRegen 0.20/turn               u - ring of magical power
MPRegen 0.19/turn               l - ring of poison resistance

@: corroded, invisible
A: large, unfitting armour, tough skin 1
a: Renounce Religion, Receive Corpses


You were on level 5 of the Dungeon.
You worshipped Kikubaaqudgha.
Kikubaaqudgha was most pleased with you.
You visited 2 branches of the dungeon, and saw 6 of its levels.

You collected 217 gold pieces.

Inventory:

Hand Weapons
 e - a +2 dagger of venom (weapon)
Armour
 a - a +0 robe (worn)
 j - a +0 cloak (worn)
 p - a +0 hat
 y - a +2 hat (worn)
Jewellery
 d - a ring of protection from cold
 l - a ring of poison resistance (right hand)
 u - a ring of magical power (left hand)
 A - a ring of protection from fire
Scrolls
 c - a scroll of blinking
 h - a scroll of teleportation {unknown}
 i - a scroll of enchant weapon {unknown}
 o - a scroll of noise
 q - a scroll of amnesia
 s - a scroll of immolation {unknown}
 v - a scroll of fear {unknown}
Potions
 b - a potion of magic
 f - 2 potions of might
 g - 2 potions of flight
 m - a potion of cancellation {unknown}
 n - a potion of berserk rage
 r - a potion of resistance {unknown}
 t - 2 potions of degeneration
 w - a potion of haste {unknown}
 x - a potion of brilliance {unknown}
 z - a potion of lignification {unknown}


   Skills:
 + Level 1.1 Fighting
 + Level 0.9 Short Blades
 + Level 2.5 Dodging
 + Level 1.8 Stealth
 + Level 5.4 Spellcasting
 + Level 2.3 Conjurations
 + Level 2.6 Necromancy
 + Level 4.3 Air Magic


You had one spell level left.
You knew the following spells:

 Your Spells              Type           Power      Damage    Failure   Level
a - Shock                 Conj/Air       60%        1d6       3%          1
b - Animate Skeleton      Necr           24%        N/A       4%          1
c - Corpse Rot            Necr/Air       30%        N/A       5%          2
d - Vampiric Draining     Necr           12%        2d6       16%         3
e - Dispel Undead         Necr           12%        3d9       45%         4
f - Animate Dead          Necr           6%         N/A       45%         4

Your spell library contained the following spells:

 Spells                   Type           Power      Damage    Failure   Level
 Pain                     Necr           48%        1d6       4%          1
 Magic Dart               Conj           44%        1d5       5%          1
 Apportation              Tloc           8%         N/A       14%         1
 Static Discharge         Conj/Air       15%        N/A       5%          2
 Swiftness                Air            18%        N/A       8%          3
 Mephitic Cloud           Conj/Pois/Air  11%        N/A       19%         3
 Call Imp                 Summ           4%         N/A       22%         2
 Airstrike                Air            9%         N/A       24%         4
 Sticky Flame             Conj/Fire      8%         2d3       65%         4
 Excruciating Wounds      Necr           6%         N/A       80%         5
 Leda's Liquefaction      Hex/Erth       2%         N/A       82%         4
 Borgnjor's Vile Clutch   Necr/Erth      4%         N/A       94%         5
 Alistair's Intoxication  Tmut/Pois      2%         N/A       99%         5
 Lee's Rapid Deconstruct  Erth           2%         3d5*      99%         5
 Death Channel            Necr           6%         N/A       100%        6
 Eringya's Noxious Bog    Tmut/Pois      2%         N/A       100%        6
 Simulacrum               Ice/Necr       4%         N/A       100%        6
 Statue Form              Tmut/Erth      2%         N/A       100%        6


Dungeon Overview and Level Annotations

Branches:
Dungeon (5/15)             Temple (1/1) D:4

Altars:
Ashenzari
Cheibriados
Dithmenos
Elyvilon
Gozag
Hepliaklqana
Kikubaaqudgha
Makhleb
Nemelex Xobeh
Okawaru
Qazlal
Ru
Sif Muna
Trog
Uskayaw
Vehumet
Wu Jian
Xom
Yredelemnul
Zin
The Shining One

Shops:
D:1 (


Innate Abilities, Weirdness & Mutations

You are too large for most types of armour.
You have tough skin. (AC +1)


Message History

The jelly is moderately wounded.
The zap hits the iguana.
You kill the iguana!
Kikubaaqudgha accepts your kill.
The zap hits the ogre.
The ogre is heavily wounded.
The zap hits the ogre.
The ogre is severely wounded.
The jelly hits you. The acid corrodes you!
You are splashed with acid.
Aiming: Shock (safe; 3% risk of failure)
Press: ? - help, Q - select action, (/) - cycle Shift-Dir - straight line The zap hits the jelly.
The jelly is heavily wounded.
The zap hits the ogre.
The ogre is severely wounded.
The jelly hits you.
You are splashed with acid!
Aiming: Shock (safe; 3% risk of failure)
Press: ? - help, Q - select action, (/) - cycle Shift-Dir - straight line The zap hits the jelly.
The jelly is severely wounded.
The zap hits the ogre.
The ogre is almost dead.
The jelly hits you. The acid corrodes you!
You are splashed with acid!
There are monsters nearby!
You hit the jelly but do no damage. The acid corrodes you!
Your hands burn!
* * * LOW HITPOINT WARNING * * *
The jelly is severely wounded.
The jelly hits you.
* * * LOW HITPOINT WARNING * * *
The acid corrodes you!
You are splashed with acid!
* * * LOW HITPOINT WARNING * * *
You fade into invisibility!
The jelly hits you.
* * * LOW HITPOINT WARNING * * *
You are splashed with acid!
* * * LOW HITPOINT WARNING * * *
A phantom comes into view.
The jelly attacks as you move away! The jelly hits you.
You die...
Kikubaaqudgha rasps: "You have failed me!
Welcome... death!"

...... .... ...... .... #####..
..... ....... ... ....... ... ..
........
.W#######.#............. .
#...........#...#.#####. .g #@#
...... +. >..#+#### #J#
#...#.#####. ........# #O#
............ g.......#######†#
.#....##..
.......?........########...(.'..
.....5.........).......#.##.##..
...............#######.#.##.##..
...............# #####'#.##..#..
...."...######## #...........#..


You could see an ogre (can't see you), a phantom (dormant) and a jelly.

Vanquished Creatures
  Sigmund (D:2)
  An ogre (D:4)
  2 orc priests
  2 hounds
  2 iguanas
  Natasha (twice) (D:2)
  Robin (D:2)
  A gnoll (D:5)
  An adder (D:2)
  An ufetubus (D:4)
  A worm (D:4)
  2 dart slugs (D:1)
  9 orcs
  5 endoplasms
  A giant cockroach (D:2)
  23 goblins
  19 hobgoblins
  3 kobolds
  4 quokkas
  4 ball pythons
  4 bats
  4 frilled lizards
  7 rats
100 creatures vanquished.

Vanquished Creatures (collateral kills)
  A dart slug (D:2)
  2 orcs (D:4)
  A ball python (D:2)
  A frilled lizard (D:3)
5 creatures vanquished.

Vanquished Creatures (others)
  A plant (D:3)
1 creature vanquished.

Grand Total: 106 creatures vanquished

Notes
Turn   | Place    | Note
-------+----------+-------------------------------------------
     0 | D:1      | Gloober the Ogre Air Elementalist began the quest for the
                  | Orb.
     0 | D:1      | Reached XP level 1. HP: 16/16 MP: 3/3
   372 | D:1      | Found Eddos's Weapon Boutique.
   528 | D:1      | Reached XP level 2. HP: 24/24 MP: 1/5
   542 | D:1      | Found a faded altar of an unknown god.
   582 | D:1      | Prayed at the altar of an unknown god.
   582 | D:1      | Became a worshipper of Kikubaaqudgha
   582 | D:1      | Reached * piety under Kikubaaqudgha
   582 | D:1      | Received a gift from Kikubaaqudgha
   585 | D:1      | Learned a level 1 spell: Animate Skeleton
   588 | D:1      | Learned a level 2 spell: Corpse Rot
   919 | D:1      | Reached XP level 3. HP: 31/31 MP: 5/7
  1040 | D:2      | Reached skill level 1 in Conjurations
  1053 | D:2      | Reached skill level 3 in Spellcasting
  1076 | D:2      | Noticed Robin
  1085 | D:2      | Reached ** piety under Kikubaaqudgha
  1095 | D:2      | Killed Robin
  1096 | D:2      | Reached skill level 1 in Necromancy
  1288 | D:2      | Learned a level 3 spell: Vampiric Draining
  1288 | D:2      | Found a bloodstained altar of Trog.
  1379 | D:2      | Reached XP level 4. HP: 39/39 MP: 4/8
  1653 | D:2      | Noticed Natasha
  1662 | D:2      | Killed Natasha
  1663 | D:2      | Reached XP level 5. HP: 39/46 MP: 4/10
  1728 | D:2      | Noticed Sigmund
  1763 | D:2      | Killed Sigmund
  1764 | D:2      | Reached skill level 1 in Fighting
  1764 | D:2      | Reached skill level 4 in Spellcasting
  1764 | D:2      | Reached XP level 6. HP: 4/55 MP: 1/12
  2116 | D:2      | Noticed Natasha
  2121 | D:2      | Killed Natasha
  2586 | D:3      | Learned a level 4 spell: Dispel Undead
  3085 | D:3      | Reached *** piety under Kikubaaqudgha
  3085 | D:3      | Received a gift from Kikubaaqudgha
  3440 | D:4      | Found a staircase to the Ecumenical Temple.
  3484 | Temple   | Entered the Ecumenical Temple
  4032 | D:4      | Reached skill level 5 in Spellcasting
  4032 | D:4      | Reached XP level 7. HP: 39/62 MP: 1/14
  4037 | D:4      | Learned a level 4 spell: Animate Dead
  4732 | D:5      | Entered Level 5 of the Dungeon
  4809 | D:5      | HP: 1/62 [acid (7)]
  4811 | D:5      | Slain by a jelly

Illustrated notes

Levels and vault maps discovered:
D:1:      doesnt_arrival_eight_statues, layout_rooms,
          hellmonk_ecumenical_altar_slurped_away, serial_shops, shop,
          st_stairs_4
D:2:      layout_basic, basic_altar, uniq_natasha, uniq_robin, uniq_sigmund
D:3:      cheibrodos_greedy_goblins, layout_basic, small_statue_intersection,
          serial_bayou_pond_e, grunt_ministairs_6
D:4:      layout_loops_ring, minmay_temple_entry_mini_moons
D:5:      layout_basic
Temple:   nicolae_temple_the_god_donut

Skill      XL: |  1  2  3  4  5  6 |
---------------+-------------------+-----
Air Magic      | 3 4 |  4.3
Conjurations   | 1 2 |  2.3
Spellcasting   | 3 4 5 |  5.4
Dodging        | 2 |  2.5
Necromancy     | 1 2 |  2.6
Fighting       | 1 |  1.1
Short Blades   | |  0.9
Stealth        | |  1.8

Action                   |  1- 3 |  4- 6 |  7- 9 || total
-------------------------+-------+-------+-------++-------
Melee: Unarmed           |     6 |       |       ||     6
       Dagger            |    28 |    37 |     7 ||    72
       Punch             |     1 |       |       ||     1
 Cast: Shock             |    35 |    89 |    42 ||   166
       Animate Skeleton  |    11 |    17 |     1 ||    29
       Corpse Rot        |     1 |     1 |       ||     2
       Vampiric Draining |       |     3 |       ||     3
       Animate Dead      |       |       |     6 ||     6
  Use: Scroll            |       |     5 |       ||     5
       Potion            |       |     2 |     3 ||     5
Armor: Robe              |     6 |    21 |     6 ||    33
Dodge: Dodged            |     9 |    48 |     9 ||    66

Table legend: (Time is in decaauts)
 A = Elapsed time spent in this place.
 B = Non-inter-level travel time spent in this place.
 C = Inter-level travel time spent in this place.
 D = Time resting spent in this place.
 E = Time spent auto-exploring this place.
 F = Levels seen in this place.
 G = Mean time per level.
                   A        B        C        D        E       F      G
               +--------+--------+--------+--------+--------+-----+--------+
         Total |   4820 |   4820 |      0 |   1346 |      0 |   6 |  803.3 |
       Dungeon |   4387 |   4387 |      0 |   1246 |      0 |   5 |  877.4 |
        Temple |    433 |    433 |      0 |    100 |      0 |   1 |  433.0 |
               +--------+--------+--------+--------+--------+-----+--------+

Top non-repeatable levels by time:
     D:2: 1381 daAuts
     D:1: 1031 daAuts
     D:3: 1003 daAuts
     D:4: 893 daAuts
  Temple: 433 daAuts
     D:5: 78 daAuts
